 Dungeon Crawl Stone Soup version 0.23.1 (webtiles) character file.

Game seed: 2369430428828448883

119 FunkyPutin the Digger (level 4, -7/24 HPs)
             Began as a Deep Elf Earth Elementalist on Mar 4, 2019.
             Killed by divine providence
             ... invoked by an orc priest
              (13 damage)
             ... on level 3 of the Dungeon.
             The game lasted 00:13:03 (1980 turns).

FunkyPutin the Digger (Deep Elf Earth Elementalist) Turns: 1980, Time: 00:13:04

Health: -7/24      AC:  3    Str:  5    XL:     4   Next: 74%
Magic:  12/12      EV: 13    Int: 21    God:
Gold:   162        SH:  0    Dex: 15    Spells: 5/11 levels left

rFire    . . .     SeeInvis .   g - +3 short sword (speed)
rCold    . . .     Gourm    .   (no shield)
rNeg     . . .     Faith    .   c - +1 robe
rPois    .         Spirit   .   (no helmet)
rElec    .         Reflect  .   (no cloak)
rCorr    .         Harm     .   (no gloves)
MR       .....                  (no boots)
Stlth    +++.......             (no amulet)
HPRegen  0.08/turn              i - ring of stealth
MPRegen  0.13/turn              e - ring of flight

@: lethally poisoned (-7 -> -16), slowed, very slow
A: no striking features
a: Evoke Flight


You were on level 3 of the Dungeon.
You were hungry.

You visited 1 branch of the dungeon, and saw 3 of its levels.

You collected 162 gold pieces.

Inventory:

Hand Weapons
 g - a +3 short sword of speed (weapon)
Missiles
 b - 105 stones (quivered)
Armour
 c - a +1 robe (worn)
Jewellery
 a - a +2 ring of strength
 e - a ring of flight (right hand)
 i - a ring of stealth (left hand)
 l - a +3 ring of strength
Scrolls
 h - a scroll of remove curse
 j - 5 scrolls of identify
Potions
 f - 2 potions of agility {unknown}
 k - a potion of degeneration
 m - 2 potions of ambrosia {unknown}
 n - a potion of haste
 o - a potion of lignification
 p - a potion of brilliance {unknown}
Comestibles
 d - a ration
 q - a chunk of flesh


   Skills:
 + Level 2.8 Dodging
 + Level 2.6 Stealth
 + Level 4.1 Spellcasting
 * Level 0.8 Conjurations
 + Level 1.1 Transmutations
 * Level 5.2 Earth Magic


You had 5 spell levels left.
You knew the following spells:

 Your Spells              Type           Power        Failure   Level  Hunger
a - Sandblast             Erth           ####..       1%          1    None
b - Stone Arrow           Conj/Erth      ###...       11%         3    ###....
c - Passwall              Tmut/Erth      ###.....     4%          2    #......

Your spell library contained the following spells:

 Spells                   Type           Power        Failure   Level  Hunger
 Petrify                  Tmut/Erth      ###.....     32%         4    ####...
 Lee's Rapid Deconstruct  Erth           ####......   36%         5    ######.


Dungeon Overview and Level Annotations

Branches:
Dungeon (3/15)

Altars:
Qazlal
Zin


Message History

You feel very sick.
You feel sick.
The kobold shoots a curare-tipped needle.
The curare-tipped needle barely misses you.
You see here a curare-tipped needle.
You feel sick.
You feel sick. The quokka barely misses you.
You feel sick. The quokka bites you.
* * * LOW HITPOINT WARNING * * *
You feel sick.
The quokka twitches its whiskers.
The quokka closely misses you.
There is a stone staircase leading up here.
You can't go down here!
* * * LOW HITPOINT WARNING * * *
You feel sick. The quokka barely misses you.
The orc priest invokes the aid of Beogh against you.
Beogh smites you!
Ouch! That really hurt!
You die...

#+# #.# #.#
#.# #.# #.#
#@# #r# #o# #
#K# ### #.#o#
#...#.#o#
......oo#
....o#..#
.....'......#


You could see an orc priest, 4 orcs, a quokka and a kobold.

Vanquished Creatures
  Terence (D:2)
  3 gnolls (D:2)
  2 adders (D:2)
  An ooze (D:2)
  A dart slug (D:1)
  A ball python (D:1)
  5 bats
  4 giant cockroaches
  3 hobgoblins
  4 jackals (D:2)
  3 quokkas (D:2)
  A frilled lizard (D:1)
  3 goblins
  3 kobolds
  3 rats (D:1)
38 creatures vanquished.

Notes
Turn   | Place    | Note
-------+----------+-------------------------------------------
     0 | D:1      | FunkyPutin the Deep Elf Earth Elementalist began the quest
                  | for the Orb.
     0 | D:1      | Reached XP level 1. HP: 10/10 MP: 6/6
   146 | D:1      | Reached XP level 2. HP: 15/15 MP: 6/8
   838 | D:2      | Reached skill level 4 in Earth Magic
   858 | D:2      | Reached XP level 3. HP: 19/19 MP: 2/10
  1108 | D:2      | Reached XP level 4. HP: 20/24 MP: 6/12
  1123 | D:2      | Found a glowing silver altar of Zin.
  1180 | D:2      | Found a stormy altar of Qazlal.
  1201 | D:2      | Noticed Terence
  1332 | D:1      | Learned a level 3 spell: Stone Arrow
  1335 | D:1      | Learned a level 2 spell: Passwall
  1697 | D:2      | Killed Terence
  1697 | D:2      | Reached skill level 5 in Earth Magic
  1980 | D:3      | Killed from afar by an orc priest

Skill      XL: |  1  2  3  4 |
---------------+-------------+-----
Earth Magic    | 4 5 |  5.2
Spellcasting   | 4 |  4.1
Dodging        | |  2.8
Stealth        | |  2.6
Conjurations   | |  0.8
Transmutations | |  1.1

Action                   |  1- 3 |  4- 6 || total
-------------------------+-------+-------++-------
Melee: Unarmed           |    35 |    18 ||    53
       Short sword       |       |     5 ||     5
 Cast: Sandblast         |    38 |    20 ||    58
       Stone Arrow       |       |     4 ||     4
  Use: Scroll            |     7 |     2 ||     9
 Stab: Sleeping          |       |     1 ||     1
  Eat: Chunk             |       |     3 ||     3
Armor: Robe              |     5 |     6 ||    11
Dodge: Dodged            |    32 |    31 ||    63
